 Dungeon Crawl Stone Soup version 0.23-a0-163-g800ba1ec23 (webtiles) character file.

10929 Flugkiller the Spear-Bearer (level 11, -14/83 HPs)
             Began as a Mummy Necromancer on Sept 9, 2018.
             Was a Priest of Kikubaaqudgha.
             Killed from afar by a frost giant (22 damage)
             ... with a bolt of cold
             ... in an ice cave.
             The game lasted 00:43:04 (15225 turns).

Flugkiller the Spear-Bearer (Mummy Necromancer)    Turns: 15225, Time: 00:43:05

Health: -14/83     AC: 12    Str: 13    XL:     11   Next: 42%
Magic:  6/18       EV: 14    Int: 16    God:    Kikubaaqudgha [***...]
Gold:   660        SH:  0    Dex: 13    Spells: 6/20 levels left

rFire    . . .     SeeInvis .   s - +6 trident
rCold    + . .     Gourm    .   (no shield)
rNeg     + + +     Faith    .   w - +0 leather armour
rPois    ∞         Spirit   .   t - +1 hat
rElec    .         Reflect  .   q - +1 cloak
rCorr    .         Harm     .   o - +2 pair of gloves
MR       +....                  e - +1 pair of boots
Stlth    ++........             p - amulet of regeneration
HPRegen  0.63/turn              b - ring of protection from fire
MPRegen  0.16/turn              (no ring)

@: very slightly contaminated
A: no food or potions, fire vulnerability, cold resistance 1, negative energy
resistance 3, torment resistance, unbreathing
a: Receive Corpses, Renounce Religion


You were in an ice cave.
You worshipped Kikubaaqudgha.
Kikubaaqudgha was most pleased with you.
You were not hungry.

You visited 3 branches of the dungeon, and saw 11 of its levels.
You also visited: Ice Cave.

You collected 660 gold pieces.

Inventory:

Hand Weapons
 r - a +0 trident of piercing
 s - a +6 trident (weapon)
Armour
 e - a +1 pair of boots (worn)
 o - a +2 pair of gloves (worn)
 q - a +1 cloak (worn)
 t - a +1 hat (worn)
 w - a +0 leather armour (worn)
Magical Staves
 m - an uncursed staff of wizardry
Jewellery
 b - a ring of protection from fire (left hand)
 p - an amulet of regeneration (around neck)
Wands
 c - a wand of disintegration (5)
 d - a wand of random effects (53)
 i - a wand of flame (56)
 n - a wand of acid (11)
 v - a wand of clouds (4)
 x - a wand of digging (4)
 y - a wand of paralysis (13)
 A - a wand of iceblast (14)
Scrolls
 a - 2 scrolls of immolation
 f - 3 scrolls of amnesia
 g - 2 scrolls of blinking
 h - 5 scrolls of teleportation
 j - a scroll of silence
 k - 3 scrolls of fog
 l - 2 scrolls of remove curse
 u - 2 scrolls of identify
 z - a scroll of magic mapping


   Skills:
 + Level 6.8 Fighting
 - Level 10.1 Polearms
 + Level 5.2 Armour
 + Level 5.3 Dodging
 - Level 1.5 Stealth
 - Level 5.0 Spellcasting
 + Level 7.5 Necromancy
 + Level 1.9 Earth Magic


You had 6 spell levels left.
You knew the following spells:

 Your Spells              Type           Power        Failure   Level  Hunger
a - Pain                  Necr           ####         1%          1    N/A
b - Animate Skeleton      Necr           N/A          1%          1    N/A
c - Vampiric Draining     Necr           ####......   2%          3    N/A
d - Animate Dead          Necr           N/A          9%          4    N/A
e - Borgnjor's Vile Clut  Necr/Erth      ###.......   58%         5    N/A

Your spell library contained the following spells:

 Spells                   Type           Power        Failure   Level  Hunger
 Corpse Rot               Necr           N/A          1%          2    N/A
 Magic Dart               Conj           #...         19%         1    N/A
 Sting                    Conj/Pois      #...         19%         1    N/A
 Dispel Undead            Necr           ####....     24%         5    N/A
 Blink                    Tloc           N/A          28%         2    N/A
 Call Imp                 Summ           #.......     28%         2    N/A
 Poisonous Vapours        Pois/Air       #.....       28%         2    N/A
 Slow                     Hex            #.......     28%         2    N/A
 Conjure Flame            Conj/Fire      #.......     50%         3    N/A
 Mephitic Cloud           Conj/Pois/Air  #.......     50%         3    N/A
 Bolt of Draining         Conj/Necr      ###.......   73%         5    N/A
 Death Channel            Necr           ####......   78%         6    N/A
 Olgreb's Toxic Radiance  Pois           #.......     88%         4    N/A
 Venom Bolt               Conj/Pois      #.........   99%         5    N/A
 Regeneration             Chrm/Necr      Unusable     N/A         3    N/A

Dungeon Overview and Level Annotations

Branches:
Dungeon (8/15)             Temple (1/1) D:4            Lair (2/6) D:8
 Spider (0/4) Lair:2
  Swamp: Lair:2-4    Shoals: Lair:2-4

Altars:
Ashenzari
Cheibriados
Elyvilon
Fedhas
Gozag
Hepliaklqana
Kikubaaqudgha
Makhleb
Nemelex Xobeh
Qazlal
Sif Muna
Trog
Uskayaw
Wu Jian
Xom
Yredelemnul
Zin
The Shining One

Shops:
D:8 !

Annotations:
D:2 Sigmund
D:3 1 runed door, Sumakker's ghost, amateur CeHu
D:4 Pikel
D:7 exclusion: downstairs


Innate Abilities, Weirdness & Mutations

You do not eat or drink.
Your flesh is vulnerable to fire.
You are immune to poison.
Your flesh is cold resistant. (rC+)
You are immune to negative energy. (rN+++)
You are immune to unholy pain and torment.
You can survive without breathing.


Message History

Press: ? - help, Dir - move target cursor, f/p - frost giant
Aim: a frost giant, wielding a battleaxe of freezing (moderately wounded)
You reach to attack!
You puncture the frost giant!
The frost giant is moderately wounded.
Your rime drake zombie bites the frost giant.
The frost giant casts a spell at you.
The bolt of cold hits your rime drake zombie.
Your rime drake zombie resists.
Your rime drake zombie is destroyed!
The bolt of cold hits you! You resist.
* * * LOW HITPOINT WARNING * * *
The frost giant hits your polar bear zombie with a battleaxe of freezing!
The frost giant freezes your polar bear zombie.
The frost giant gestures at you while chanting.
The bolt of cold hits you! You resist.
* * * LOW HITPOINT WARNING * * *
The frost giant points at you and mumbles some strange words.
The bolt of cold hits you! You resist.
You die...
Kikubaaqudgha rasps: "You have failed me!
Welcome... oblivion!"

###...##
#.#.⌠..#
##....Z.#
#.#.#.#.#
##.#####.# #.##
##.# ##.####.Z#
##.##..##
##@##Z## ....
#.##.≈# ....
##.##.## ..C..
#.###..## .....
##..###..## ....
#C##..#.Z.#
#..###.#.#.#...#
#..#..Z≈.###..#
#...##≈## #..#


You could see a frost giant.

Vanquished Creatures
  Psyche (D:8)
  An ice statue (IceCv)
  A spiny frog (Lair:1)
  A rime drake (IceCv)
  2 ice devils (Lair:2)
  12 polar bears (IceCv)
  3 blink frogs (Lair:1)
  10 yaks
  Eustachio (D:6)
  3 hogs (D:8)
  A human (D:8)
  A warg (D:8)
  A porcupine (Lair:1)
  An orc warrior (D:8)
  A sky beast (D:4)
  2 ice beasts (D:6)
  4 slaves
  11 wolves
  A centaur (D:6)
  2 ogres
  A crocodile (Lair:1)
  4 bullfrogs
  2 scorpions (D:6)
  2 wights (D:8)
  A howler monkey (D:6)
  4 crimson imps
  2 centaur zombies
  4 orc priests
  7 bullfrog skeletons
  An iguana (D:4)
  Terence (D:2)
  3 worker ants
  2 orc wizards
  9 gnolls
  5 adders
  A river rat (D:6)
  A shadow imp (D:7)
  An adder zombie (D:7)
  3 worms
  2 dart slugs (D:1)
  6 leopard geckos
  17 orcs
  7 bats
  5 giant cockroaches
  8 hobgoblins
  9 jackals
  5 quokkas
  2 ball pythons
  A frilled lizard (D:3)
  5 goblins
  3 kobolds
  10 rats
  A plant (D:3)
195 creatures vanquished.

Vanquished Creatures (collateral kills)
  A hydra (Lair:1)
  4 polar bears (IceCv)
  A hippogriff (Lair:1)
  A blink frog (Lair:1)
  3 yaks (IceCv)
  A warg (D:8)
  A black bear (D:8)
  An ogre (D:3)
  3 wolves (IceCv)
  A bullfrog (D:7)
  3 wights (D:8)
  A crimson imp (D:7)
  An orc priest (D:8)
  A worker ant (D:8)
  A gnoll (D:3)
  A shadow imp (D:5)
  An ooze (D:1)
  An adder skeleton (D:4)
  A leopard gecko (D:1)
  A giant cockroach (D:1)
  A hobgoblin (D:3)
  A quokka (D:3)
  2 bats (D:1)
  2 kobolds
  2 rats (D:1)
37 creatures vanquished.

Vanquished Creatures (others)
  3 polar bears (IceCv)
  2 yaks (IceCv)
  9 wolves (IceCv)
  3 fungi
  2 plants (D:3)
19 creatures vanquished.

Grand Total: 251 creatures vanquished

Notes
Turn   | Place    | Note
-------+----------+-------------------------------------------
     0 | D:1      | Flugkiller the Mummy Necromancer began the quest for the
                  | Orb.
     0 | D:1      | Reached XP level 1. HP: 13/13 MP: 4/4
    34 | D:1      | Learned a level 1 spell: Animate Skeleton
   215 | D:1      | Reached XP level 2. HP: 20/20 MP: 4/6
   348 | D:1      | Reached skill level 1 in Fighting
   856 | D:1      | Reached XP level 3. HP: 26/26 MP: 7/7
  1418 | D:2      | Noticed Terence
  1716 | D:2      | Killed Terence
  1716 | D:2      | Reached XP level 4. HP: 26/33 MP: 2/9
  1999 | D:2      | Noticed Sigmund
  2830 | D:3      | Found a stormy altar of Qazlal.
  2830 | D:3      | Noticed an ogre
  2937 | D:2      | Reached XP level 5. HP: 23/39 MP: 4/11
  3287 | D:3      | Reached skill level 5 in Necromancy
  3326 | D:3      | Found a runed door.
  3328 | D:3      | Noticed Sumakker's ghost (amateur CeHu)
  3355 | D:3      | Killed an ogre
  3686 | D:3      | Reached XP level 6. HP: 38/47 MP: 13/13
  3727 | D:3      | Reached skill level 5 in Spellcasting
  4327 | D:4      | Found a deep blue altar of Sif Muna.
  4343 | D:4      | Found a basalt altar of Yredelemnul.
  4406 | D:4      | Found a staircase to the Ecumenical Temple.
  4415 | Temple   | Entered the Ecumenical Temple
  4557 | Temple   | Became a worshipper of Kikubaaqudgha
  4668 | D:4      | Found a shattered altar of Ashenzari.
  4997 | D:4      | Found a bloodstained altar of Trog.
  5000 | D:4      | Found a snail-covered altar of Cheibriados.
  5004 | D:4      | Found an ornate altar of the Wu Jian Council.
  5004 | D:4      | Found a glowing golden altar of the Shining One.
  5114 | D:5      | Entered Level 5 of the Dungeon
  5194 | D:5      | Reached skill level 1 in Polearms
  5571 | D:5      | Noticed a sky beast
  5682 | D:4      | Killed a sky beast
  5682 | D:4      | Reached XP level 7. HP: 37/53 MP: 4/14
  5777 | D:5      | Learned a level 3 spell: Vampiric Draining
  5782 | D:5      | Learned a level 4 spell: Animate Dead
  6145 | D:5      | Reached * piety under Kikubaaqudgha
  6145 | D:5      | Identified Kikubaaqudgha's Collected Works on Unholy Magic
                  | (Kikubaaqudgha gifted it to you on level 5 of the Dungeon)
  6145 | D:5      | Received a gift from Kikubaaqudgha
  6161 | D:5      | Found a hazy altar of Hepliaklqana.
  6554 | D:6      | Reached skill level 2 in Polearms
  6909 | D:6      | Noticed Eustachio
  7284 | D:6      | Reached XP level 8. HP: 49/61 MP: 15/15
  7320 | D:6      | Noticed Pikel
  8235 | D:6      | Killed Eustachio
  8235 | D:6      | Reached skill level 5 in Fighting
  8235 | D:6      | Reached skill level 3 in Polearms
  9000 | D:7      | Reached skill level 1 in Armour
  9092 | D:7      | Reached ** piety under Kikubaaqudgha
  9092 | D:7      | Reached skill level 4 in Polearms
  9280 | D:8      | Noticed Psyche
  9436 | D:8      | Found a shimmering altar of Xom.
  9502 | D:8      | Killed Psyche
  9502 | D:8      | Reached skill level 5 in Polearms
  9502 | D:8      | Reached XP level 9. HP: 54/68 MP: 1/16
  9805 | D:8      | Reached skill level 6 in Polearms
 10060 | D:8      | Found a staircase to the Lair.
 10117 | D:8      | Found Dyeromep's Distillery.
 10218 | D:8      | Reached skill level 7 in Polearms
 10719 | Lair:1   | Entered Level 1 of the Lair of Beasts
 11066 | Lair:1   | Reached XP level 10. HP: 38/74 MP: 4/17
 11082 | Lair:1   | Reached skill level 8 in Polearms
 11348 | Lair:1   | Noticed a six-headed hydra
 11576 | Lair:1   | Killed a six-headed hydra
 11803 | Lair:1   | Found a glowing silver altar of Zin.
 12034 | Lair:1   | Reached skill level 9 in Polearms
 12122 | Lair:1   | Found a glowing silver altar of Zin.
 12645 | Lair:2   | Noticed a spiny frog
 12645 | Lair:2   | Noticed a spiny frog
 12645 | Lair:2   | Noticed a spiny frog
 12651 | Lair:1   | Killed a spiny frog
 12863 | Lair:2   | Noticed a black mamba
 12872 | Lair:2   | Found a frozen archway.
 12994 | IceCv    | Entered an ice cave
 13183 | IceCv    | Reached skill level 10 in Polearms
 13373 | IceCv    | Noticed an ice statue
 13708 | IceCv    | Killed an ice statue
 13812 | IceCv    | Reached XP level 11. HP: 58/81 MP: 6/18
 13954 | IceCv    | Reached *** piety under Kikubaaqudgha
 13954 | IceCv    | Identified Kikubaaqudgha's Reference Book on Evil Rites
                  | (Kikubaaqudgha gifted it to you in an ice cave)
 13954 | IceCv    | Received a gift from Kikubaaqudgha
 14014 | IceCv    | Learned a level 5 spell: Borgnjor's Vile Clutch
 14225 | IceCv    | Reached skill level 5 in Dodging
 14260 | IceCv    | Reached skill level 1 in Earth Magic
 14274 | IceCv    | Reached skill level 5 in Armour
 14478 | IceCv    | Noticed a frost giant
 15225 | IceCv    | Killed from afar by a frost giant

Vault maps used:
D:1:      shiori_arrival_elements, minmay_misc_feat_x
D:2:      nrook_mini_vaults, kennysheep_decorative_pillar, uniq_sigmund,
          uniq_crazy_yiuf_cottage, uniq_terence
D:3:      wad_woods_stonehenge, ebering_ghost_reflecting_pool, st_stairs_13,
          kennysheep_generic_room_8
D:4:      lemuel_crystal_altar, lemuel_round_altar, kennysheep_little_box,
          grunt_temple_overflow_open, temple_hall
D:5:      nicolae_overflow_hidden_temple, first_ration
D:6:      gup_sewer_entry_bubbles, uniq_pikel, uniq_eustachio
D:8:      erik_lair_orcish_takeover, serial_shops, nicolae_shop_behind_doors,
          grunt_livestock, brannock_xom_greatest_gift, uniq_psyche
Temple:   minmay_temple_curvy_loop
Lair:1:   basic_altar, infiniplex_staircase_pool
Lair:2:   spider_nest_entry_a, portal_ice_cave_demonic_guard,
          forest_entry_grove, grunt_megastairs_1, lemuel_fruit_fields
IceCv:    ice_cave_caverns_02

Skill      XL: |  1  2  3  4  5  6  7  8  9 10 11 |
---------------+----------------------------------+-----
Spellcasting   | 3 4 5 |  5.0
Fighting       | 1 2 3 4 5 6 |  6.8
Necromancy     | 5 6 7 |  7.5
Dodging        | 2 3 4 5 |  5.3
Polearms       | 1 2 5 7 10 | 10.1
Armour         | 2 4 5 |  5.2
Earth Magic    | 1 |  1.9
Stealth        | |  1.5

Action                   |  1- 3 |  4- 6 |  7- 9 | 10-12 || total
-------------------------+-------+-------+-------+-------++-------
Melee: Unarmed           |     6 |       |       |       ||     6
       Club              |    40 |       |       |       ||    40
       Short sword       |     2 |       |       |       ||     2
       Spear             |     1 |   295 |    12 |       ||   308
       Trident           |       |       |   426 |   366 ||   792
 Cast: Pain              |    40 |    87 |    89 |    14 ||   230
       Animate Skeleton  |    11 |    23 |     9 |       ||    43
       Vampiric Draining |       |       |    26 |    31 ||    57
       Animate Dead      |       |       |    15 |    32 ||    47
       Borgnjor's Vile C |       |       |       |     3 ||     3
Invok: Receive Corpses   |       |       |       |     7 ||     7
Evoke: Wand              |       |       |     9 |     9 ||    18
  Use: Scroll            |       |     7 |    10 |     6 ||    23
 Stab: Sleeping          |       |     3 |     2 |       ||     5
       Distracted        |       |       |     2 |     6 ||     8
Armor: Robe              |    15 |    85 |   103 |       ||   203
       Leather armour    |       |       |    48 |   157 ||   205
Dodge: Dodged            |    56 |   170 |   314 |   258 ||   798

Table legend:
 A = Non-vault XP
 B = Vault XP
 C = Vault XP percentage of total XP
 D = Non-vault monster count
 E = Vault monster count
 F = Vault count percentage of total count
                 A         B        C        D         E       F
            +---------+---------+-------+---------+---------+-------
      Total |    5311 |   10302 |  66.0 |     150 |      79 |  34.5
            +---------+---------+-------+---------+---------+-------
        D:1 |      43 |       0 |   0.0 |      25 |       0 |   0.0
        D:2 |      41 |      50 |  54.9 |       9 |       2 |  18.2
        D:3 |     146 |     140 |  49.0 |      26 |       8 |  23.5
        D:4 |     226 |       0 |   0.0 |      16 |       0 |   0.0
        D:5 |     362 |       0 |   0.0 |      21 |       0 |   0.0
        D:6 |     817 |     219 |  21.1 |      17 |       9 |  34.6
        D:7 |     452 |       0 |   0.0 |      11 |       0 |   0.0
        D:8 |     450 |    1988 |  81.5 |      11 |      15 |  57.7
     Lair:1 |    2774 |       0 |   0.0 |      14 |       0 |   0.0
     Lair:2 |       0 |     661 | 100.0 |       0 |       2 | 100.0
      IceCv |       0 |    7244 | 100.0 |       0 |      43 | 100.0
            +---------+---------+-------+---------+---------+-------
